 Dungeon Crawl Stone Soup version 0.26-a0-466-g989023bd0d (webtiles) character file.

Game seed: 15623807723903764096

16 Apogee the Sneak (level 2, -4/13 HPs)
             Began as a Spriggan Enchanter on Aug 1, 2020.
             Slain by a worm (12 damage)
             ... on level 2 of the Dungeon.
             The game lasted 00:01:10 (1147 turns).

Apogee the Sneak (Spriggan Enchanter)               Turns: 1147, Time: 00:01:10

Health: -4/13      AC:  6    Str:  4    XL:     2   Next: 41%
Magic:  6/6        EV: 18    Int: 16    God:
Gold:   82         SH:  0    Dex: 16    Spells: 5/6 levels left

rFire    . . .     SeeInvis +   a - +1 dagger
rCold    . . .     Faith    .   (shield restricted)
rNeg     . . .     Spirit   .   b - +0 robe
rPois    .         Reflect  .   (helmet restricted)
rElec    .         Harm     .   (no cloak)
rCorr    .                      (gloves unavailable)
MR       .....                  (boots unavailable)
Stlth    +++.......             (no amulet)
HPRegen  0.04/turn              f - +4 ring of protection
MPRegen  0.10/turn              (no ring)

@: very quick
A: very small, unfitting armour, see invisible, speed 3
a: no special abilities


You were on level 2 of the Dungeon.
You visited 1 branch of the dungeon, and saw 2 of its levels.

You collected 82 gold pieces.

Inventory:

Hand Weapons
 a - a +1 dagger (weapon)
Armour
 b - a +0 robe (worn)
Jewellery
 f - a +4 ring of protection (left hand)
   (You found it on level 1 of the Dungeon)
Scrolls
 g - a scroll of teleportation {unknown}
 i - a scroll of fog {unknown}
Potions
 c - 3 potions of curing {unknown}
 d - a potion of magic {unknown}
 e - a potion of degeneration {unknown}
 h - a potion of invisibility {unknown}
 j - a potion of resistance {unknown}
 k - a potion of stabbing {unknown}


   Skills:
 + Level 2.1 Short Blades
 - Level 3.0 Dodging
 + Level 5.2 Stealth
 - Level 2.6 Spellcasting
 - Level 3.6 Hexes


You had 5 spell levels left.
You knew the following spells:

 Your Spells              Type           Power        Failure   Level
a - Corona                Hex            ##.....      4%          1

Your spell library contained the following spells:

 Spells                   Type           Power        Failure   Level
 Confusing Touch          Hex            ##......     13%         3
 Tukima's Dance           Hex            ##......     13%         3
 Ensorcelled Hibernation  Hex/Ice        #.....       14%         2
 Dazzling Flash           Conj/Hex       #.....       28%         3


Dungeon Overview and Level Annotations

Branches:
Dungeon (2/15)

Altars:


Innate Abilities, Weirdness & Mutations

You are very small and have problems with some larger weapons.
You are too small for most types of armour.
You have supernaturally acute eyesight. (SInv)
You cover ground extremely quickly.


Message History

No target in view!
No target in view!
No target in view!
No target in view!
Things that are here:
a +0 dagger; a goblin corpse You closely miss the rat.
The rat bites you but does no damage.
You hit the rat.
You kill the rat!
No target in view!
No target in view!
No target in view!
No target in view!
No target in view!
No target in view!
No target in view!
No target in view!
No target in view!
Found a stone staircase leading down.
A kobold comes into view.
A kobold is nearby!
A worm comes into view.
You hit the kobold.
You kill the kobold!
You see here a kobold corpse.
Found a scroll labeled EKAKAGR FIER.
You hit the worm. The worm bites you but does no damage.
You hit the worm but do no damage. You barely miss the worm.
The worm barely misses you.
You hit the worm. You barely miss the worm. The worm completely misses you.
You hit the worm but do no damage. The worm completely misses you.
You hit the worm. You hit the worm. The worm closely misses you.
You hit the worm but do no damage. You completely miss the worm.
The worm bites you.
Aim: a worm (lightly wounded, chance to defeat MR: 58%)
The worm is outlined in light.
You hit the worm. The worm misses you.
You hit the worm but do no damage. The worm closely misses you.
You hit the worm. You hit the worm. The worm barely misses you.
You hit the worm but do no damage. You hit the worm but do no damage.
The worm bites you.
You hit the worm but do no damage. You hit the worm. The worm misses you.
You hit the worm. You completely miss the worm. The worm bites you!
Ouch! That really hurt!
You die...

.. ..# ...#####.####
#............#
#............#
#.##.........##
##.####....#....
#########..........#.##.
?..........#.....#).....
#.w@...#.......#.#..
#.####†....#.#<..#..
..........>.#.....#..
###.#.###.#....#.#.#.. #
..........#.#.#
###....#....##.#
.....####.##.# #....##
.##.# #....# #.


You could see a worm (corona).

Vanquished Creatures
  A leopard gecko (D:1)
  A giant cockroach (D:1)
  2 goblins
  A hobgoblin (D:1)
  A ball python (D:1)
  3 bats (D:1)
  A frilled lizard (D:1)
  3 kobolds
  2 rats
15 creatures vanquished.

Notes
Turn   | Place    | Note
-------+----------+-------------------------------------------
     0 | D:1      | Apogee the Spriggan Enchanter began the quest for the Orb.
     0 | D:1      | Reached XP level 1. HP: 9/9 MP: 5/5
   563 | D:1      | Reached XP level 2. HP: 13/13 MP: 6/6
   644 | D:1      | Reached skill level 5 in Stealth
  1147 | D:2      | Slain by a worm

Illustrated notes

Levels and vault maps discovered:
D:1:      shiori_arrival_maze, layout_basic
D:2:      layout_basic

Skill      XL: |  1  2 |
---------------+-------+-----
Stealth        | 5 |  5.2
Short Blades   | 2 |  2.1
Dodging        | |  3.0
Spellcasting   | |  2.6
Hexes          | |  3.6

Action                   || total
-------------------------++-------
Melee: Dagger            ||   102
 Cast: Corona            ||     3
 Stab: Sleeping          ||     4
Armor: Robe              ||    22
Dodge: Dodged            ||    84

Table legend: (Time is in decaauts)
 A = Elapsed time spent in this place.
 B = Non-inter-level travel time spent in this place.
 C = Inter-level travel time spent in this place.
 D = Time resting spent in this place.
 E = Time spent auto-exploring this place.
 F = Levels seen in this place.
 G = Mean time per level.
                   A        B        C        D        E       F      G
               +--------+--------+--------+--------+--------+-----+--------+
         Total |    821 |    799 |     22 |    132 |    494 |   2 |  410.5 |
       Dungeon |    821 |    799 |     22 |    132 |    494 |   2 |  410.5 |
               +--------+--------+--------+--------+--------+-----+--------+

Top non-repeatable levels by time:
     D:1: 781 daAuts
     D:2: 40 daAuts
